 Dungeon Crawl Stone Soup version 0.28-a0-1545-g945cd3f27e (webtiles) character file.

Game seed: 15122220076986239

74 Essalna the Firebug (level 3, -2/28 HPs)
             Began as a Demigod Fire Elementalist on Jan 18, 2022.
             Slain by a gnoll (3 damage)
             ... on level 3 of the Dungeon.
             The game lasted 00:05:09 (3003 turns).

Essalna the Firebug (Demigod Fire Elementalist)     Turns: 3003, Time: 00:05:09

Health: -2/28      AC:  3    Str:  9    XL:     3   Next: 85%
Magic:  9/9        EV: 12    Int: 21    God:
Gold:   46         SH:  0    Dex: 14    Spells: 5/6 levels left

rFire   . . .      SeeInvis .   g - +2 short sword (elec)
rCold   . . .      Faith    .   (no shield)
rNeg    . . .      Spirit   .   a - +0 robe
rPois   .          Reflect  .   (no helmet)
rElec   .          Harm     .   (no cloak)
rCorr   .          Rampage  .   f - +0 pair of gloves
Will    +....                   (no boots)
Stlth   ++........              (no amulet)
HPRegen 0.09/turn               i - ring of willpower
MPRegen 0.11/turn               (no ring)

@: no status effects
A: high mp 1, forlorn, divine attributes
a: no special abilities


You were on level 3 of the Dungeon.
You visited 1 branch of the dungeon, and saw 3 of its levels.

You collected 46 gold pieces.

Inventory:

Hand Weapons
 g - a +2 short sword of electrocution (weapon)
Armour
 a - a +0 robe (worn)
 c - +0 fire dragon scales
 f - a +0 pair of gloves (worn)
Jewellery
 i - a ring of willpower (left hand)
Scrolls
 b - 4 scrolls of identify {unknown}
 d - a scroll of summoning {unknown}
 h - a scroll of silence {unknown}
 l - a scroll of enchant armour {unknown}
 m - a scroll of immolation {unknown}
Potions
 e - a potion of curing {unknown}
 j - a potion of invisibility {unknown}
 k - a potion of degeneration {unknown}


   Skills:
 + Level 1.4 Fighting
 - Level 1.7 Dodging
 - Level 1.7 Stealth
 + Level 2.3 Spellcasting
 + Level 2.0 Conjurations
 + Level 3.2 Fire Magic


You had 5 spell levels left.
You knew the following spells:

 Your Spells              Type           Power      Damage    Failure   Level
a - Foxfire               Conj/Fire      52%        2x1d6     4%          1

Your spell library contained the following spells:

 Spells                   Type           Power      Damage    Failure   Level
 Scorch                   Fire           32%        2d7       6%          2
 Apportation              Tloc           4%         N/A       14%         1
 Pain                     Necr           8%         1d4       14%         1
 Sting                    Tmut/Pois      8%         1d3       14%         1
 Conjure Flame            Conj/Fire      13%        6-21      14%         3
 Ensorcelled Hibernation  Hex/Ice        4%         N/A       22%         2
 Passwall                 Tmut/Erth      1%         N/A       22%         2
 Inner Flame              Hex/Fire       9%         N/A       22%         3
 Swiftness                Air            2%         N/A       38%         3
 Flame Wave               Conj/Fire      13%        2d5       43%         4


Dungeon Overview and Level Annotations

Branches:
Dungeon (2/15)

Annotations:
D:3 Ijyb, Sigmund


Innate Abilities, Weirdness & Mutations

You have an increased reservoir of magic. (+10% MP)
You shall have no god before yourself.
Your divine heritage dramatically boosts your attributes as you level up.


Message History

There are monsters nearby!
There are monsters nearby!
Your foxfire dissipates! x2
There is a fountain of clear blue water here.
There is a fountain of clear blue water here.
You open the door.
There is an open door here.
Sigmund the Dreaded comes into view.
He is wielding a +0 scythe.
Sigmund shouts!
A giant cockroach comes into view.
Ijyb the Twisted Goblin comes into view.
She is wielding a +0 dagger, wearing a +1 leather armour of poison resistance and carrying a wand of digging (4).
The gnoll shouts!
The gnoll throws a throwing net.
The throwing net hits you.
You become entangled in the net!
You see here a throwing net.
You tear a large gash into the net.
You struggle against the net.
You rip the net and break free!
A bat comes into view.
Okay, then.
The gnoll throws a throwing net.
The throwing net hits you.
You become entangled in the net!
You see here a throwing net.
You struggle against the net.
Sigmund mumbles some strange words.
Sigmund flickers and vanishes!
Deactivating autopickup; reactivate with Ctrl-A.
You struggle against the net.
Ijyb hits you with a +0 dagger.
You struggle against the net.
Something hits you! Ijyb hits you with a +0 dagger.
You struggle against the net.
Ijyb screams, "Me kill you!" Ijyb hits you with a +0 dagger.
Something hits you!
* * * LOW HITPOINT WARNING * * *
You rip the net and break free!
Ijyb hits you with a +0 dagger.
* * * LOW HITPOINT WARNING * * *
Ijyb zaps a wand.
Some rock shatters into small pieces.
There is an open door here.
The gnoll hits you from afar with a +0 spear.
You die...

#......... ...... ..#
#...8# ..# #
##....##..# .# #
#.S....##.# ..# #.
#$$$K# #.###..#
#..#######g##......#
#.)⌠.†..†.⌠'..## #.
#§§#.._.._.@....#....
#⌠......⌠#g.......
#....)...#.#......
##########g#......
...............
.#......#......
.....B.........
....##.#.....## ....
.. .#####


You could see Ijyb, a gnoll, a ball python (wandering) and a kobold.

Vanquished Creatures
  A gnoll (D:3)
  2 adders (D:2)
  2 worms
  2 dart slugs (D:1)
  4 endoplasms
  A goblin (D:2)
  7 hobgoblins
  A quokka (D:1)
  5 ball pythons
  3 bats
  A frilled lizard (D:2)
  4 kobolds
  3 rats
36 creatures vanquished.

Vanquished Creatures (others)
  167 foxfires
167 creatures vanquished.

Grand Total: 203 creatures vanquished

Notes
Turn   | Place    | Note
-------+----------+-------------------------------------------
     0 | D:1      | Essalna the Demigod Fire Elementalist began the quest for
                  | the Orb.
     0 | D:1      | Reached XP level 1. HP: 14/14 MP: 5/5
    89 | D:1      | Got An Introduction to Magic
   119 | D:1      | Reached skill level 1 in Conjurations
   647 | D:1      | Reached XP level 2. HP: 6/22 MP: 2/7
  1589 | D:1      | Reached skill level 3 in Fire Magic
  1995 | D:2      | Reached skill level 1 in Fighting
  2012 | D:2      | HP: 1/23 [adder (1)]
  2014 | D:2      | Reached XP level 3. HP: 1/28 MP: 0/8
  2853 | D:2      | You fall into a shaft and drop 1 floor!
  2987 | D:3      | Noticed Sigmund
  2988 | D:3      | Noticed Ijyb
  3000 | D:3      | HP: 1/28 [Ijyb (3)]
  3003 | D:3      | Slain by a gnoll

Illustrated notes

Levels and vault maps discovered:
D:1:      amcnicky_arrival_underground_garden, layout_basic,
          corexii_item_surrounded_by_moat
D:2:      layout_rooms
D:3:      layout_rooms, jmf_multi_god_temple, ebering_ghost_sewer_d,
          roderic_batcave, grunt_ministairs_6, uniq_sigmund, uniq_ijyb

Skill      XL: |  1  2  3 |
---------------+----------+-----
Conjurations   | 1 2 |  2.0
Spellcasting   | 2 |  2.3
Fire Magic     | 3 |  3.2
Fighting       | 1 |  1.4
Dodging        | |  1.7
Stealth        | |  1.7

Action                   || total
-------------------------++-------
Melee: Unarmed           ||    12
       Short sword       ||    19
 Cast: Foxfire           ||   107
 Stab: Sleeping          ||     2
Armor: Robe              ||    11
Dodge: Dodged            ||    36

Table legend: (Time is in decaauts)
 A = Elapsed time spent in this place.
 B = Non-inter-level travel time spent in this place.
 C = Inter-level travel time spent in this place.
 D = Time resting spent in this place.
 E = Time spent auto-exploring this place.
 F = Levels seen in this place.
 G = Mean time per level.
                   A        B        C        D        E       F      G
               +--------+--------+--------+--------+--------+-----+--------+
         Total |   3003 |   2962 |     41 |      0 |   2565 |   3 | 1001.0 |
       Dungeon |   3003 |   2962 |     41 |      0 |   2565 |   3 | 1001.0 |
               +--------+--------+--------+--------+--------+-----+--------+

Top non-repeatable levels by time:
     D:1: 1904 daAuts
     D:2: 949 daAuts
     D:3: 149 daAuts
